AoeStats
← Yellow frog

Arabian Desert

509970559Analyzed
1v1 RM · 2d ago on Sep 28, 2026· 37m 58s· 2 players
Game mode
Random Map
Map size
Tiny (2 player)
Population
200
Speed
Normal
Resources
Standard
Victory
Conquest
Starting age
Dark Age
Ending age
Imperial Age
RankedLock teamsTeams togetherTeam positionsShared explorationLock speedFull tech treeHidden civsTurbo modeCheats
Victory
Defeat
🇭🇰 Mongols · Hong Kong SAR China
1221
+16
🇦🇷 Saracens · Argentina
1212
-16
DS_Exe19
3:22 Loom
5:08 Loom
9:13 Feudal Age
9:50 Double-Bit Axe
16:53 Fletching
19:26 Wheelbarrow
23:57 Castle Age
24:42 Bodkin Arrow
24:08 Crossbowman
27:07 Gold Mining
35:37 Bow Saw
Yellow frog
7:51 Feudal Age
8:00 Loom
9:02 Double-Bit Axe
14:41 Horse Collar
19:38 Castle Age
19:22 Scale Barding Armor
23:46 Forging
26:55 Chain Barding Armor
28:11 Wheelbarrow
28:40 Husbandry
28:57 Bloodlines
35:07 Gold Mining
34:42 Light Cavalry
40:20 Imperial Age
38:06 Hand Cart
Connection lost

Rejoining the realm…

Still unreachable

The connection could not be restored.

Session expired

The server has moved on; the page needs a fresh start.